 Dungeon Crawl Stone Soup version 0.22.1-2-g9c5b331383 (webtiles) character file.

462 Revguard the Slasher (level 6, -10/78 HPs)
             Began as a Minotaur Gladiator on Dec 12, 2018.
             Mangled by a two-headed ogre
             ... wielding a +0 giant club
              (15 damage)
             ... on level 5 of the Dungeon.
             The game lasted 00:09:47 (3627 turns).

Revguard the Slasher (Minotaur Gladiator)           Turns: 3627, Time: 00:09:48

Health: -10/78     AC: 23    Str: 20    XL:     6   Next: 79%
Magic:  5/5        EV:  2    Int:  5    God:
Gold:   198        SH:  0    Dex: 12    Spells: 5/5 levels left

rFire    . . .     SeeInvis .   a - +0 long sword
rCold    . . .     Gourm    .   (no shield)
rNeg     + + +     Faith    .   (armour currently unavailable)
rPois    +         Spirit   .   (helmet currently unavailable)
rElec    .         Reflect  .   (cloak currently unavailable)
rCorr    .         Harm     .   (gloves currently unavailable)
MR       ++...     NoTele   +   (boots currently unavailable)
Stlth    +.........             k - amulet of regeneration
HPRegen  0.63/turn              i - ring of protection from magic
MPRegen  0.09/turn              j - ring of protection from magic

@: tree-form
A: (retaliatory headbutt)
a: no special abilities


You were on level 5 of the Dungeon.
You were not hungry.
You were a tree.
You visited 1 branch of the dungeon, and saw 5 of its levels.

You collected 198 gold pieces.

Inventory:

Hand Weapons
 a - a +0 long sword (weapon)
Missiles
 d - 3 throwing nets (quivered)
Armour
 b - a +0 leather armour (melded)
 c - a +1 hat (melded)
 l - a +0 plate armour
 s - a +0 pair of boots (melded)
 x - a +2 pair of gloves (melded)
Jewellery
 i - a ring of protection from magic (left branch)
 j - a ring of protection from magic (right branch)
 k - an amulet of regeneration (around neck)
 p - a -2 ring of intelligence
Scrolls
 g - 5 scrolls of remove curse
 r - 3 scrolls of identify
 t - 4 scrolls of teleportation {unknown}
 u - a scroll of magic mapping {unknown}
 v - 3 scrolls of amnesia {unknown}
 w - a scroll of noise {unknown}
Potions
 e - a potion of haste
 n - 2 potions of flight
 o - 2 potions of curing
 q - a potion of lignification
Comestibles
 f - 10 rations


   Skills:
 + Level 4.0 Fighting
 + Level 6.7 Long Blades
 - Level 2.0 Throwing
 + Level 3.7 Armour
 + Level 4.7 Dodging


You had 5 spell levels left.
You didn't know any spells.
Your spell library was empty.

Dungeon Overview and Level Annotations

Branches:
Dungeon (5/15)
 Temple: D:4-7

Altars:
Ashenzari
Makhleb
Nemelex Xobeh
Xom
The Shining One

Annotations:
D:5 1 transporter


Innate Abilities, Weirdness & Mutations

((You reflexively headbutt those who attack you in melee.))
((You have a pair of horns on your head.))


Message History

Your roots penetrate the ground.
The two-headed ogre hits you with a giant club.
The two-headed ogre hits you but does no damage.
You hit the two-headed ogre.
The two-headed ogre is moderately wounded.
You slash the two-headed ogre!
The two-headed ogre is moderately wounded.
The two-headed ogre hits you with a giant club!!
* * * LOW HITPOINT WARNING * * *
The two-headed ogre barely misses you.
It was a potion of heal wounds.
You feel much better.
The two-headed ogre hits you with a giant club.
The two-headed ogre hits you with a giant club!
* * * LOW HITPOINT WARNING * * *
You hit the two-headed ogre but do no damage.
The two-headed ogre is moderately wounded.
The two-headed ogre hits you with a giant club!
* * * LOW HITPOINT WARNING * * *
The two-headed ogre hits you with a giant club!
You die...

##..#####
.##########.....#..
................... ?###
##########..._..#.. ....
##.....#.. ####. #.....#..
...#.##############....##..
...#.........†.........##..
#..#......♣########.#####..
#..#......O'......#.# #..
#.W#.......######.#.# #..
...#.......'....# #.# #..
#..#.......####.# #.# ###
#..#.......# #.#
#..#.......# #.#
...#.......# ..©#........


You could see a two-headed ogre.

Vanquished Creatures
  An orc warrior (D:4)
  A centaur zombie (D:5)
  A hound (D:5)
  An orc wizard (D:4)
  Jessica (D:2)
  An iguana (D:4)
  A worker ant (D:4)
  2 gnolls (D:5)
  8 adders
  2 oozes
  2 worms
  An adder skeleton (D:5)
  An adder zombie (D:5)
  A dart slug (D:1)
  4 leopard geckos
  4 orcs
  2 ball pythons
  7 bats
  8 giant cockroaches
  10 goblins
  6 hobgoblins
  7 kobolds
  2 quokkas (D:2)
  8 frilled lizards
  9 rats
91 creatures vanquished.

Vanquished Creatures (others)
  5 toadstools (D:1)
5 creatures vanquished.

Grand Total: 96 creatures vanquished

Notes
Turn   | Place    | Note
-------+----------+-------------------------------------------
     0 | D:1      | Revguard the Minotaur Gladiator began the quest for the
                  | Orb.
     0 | D:1      | Reached XP level 1. HP: 18/18 MP: 0/0
    46 | D:1      | Reached skill level 4 in Long Blades
    99 | D:1      | Reached XP level 2. HP: 23/25 MP: 1/1
   374 | D:1      | Reached XP level 3. HP: 31/31 MP: 2/2
   916 | D:2      | You fall through a shaft!
   965 | D:3      | Reached XP level 4. HP: 36/38 MP: 3/3
  1000 | D:3      | Reached skill level 1 in Armour
  1029 | D:3      | Found a sparkling altar of Nemelex Xobeh.
  1125 | D:3      | Found a burning altar of Makhleb.
  1128 | D:3      | Noticed a cacodemon
  1132 | D:3      | Noticed a hellwing
  1132 | D:3      | Noticed a neqoxec
  1465 | D:2      | Noticed Jessica
  1476 | D:2      | Killed Jessica
  1476 | D:2      | Reached skill level 5 in Long Blades
  2121 | D:4      | Noticed an orc warrior
  2129 | D:4      | Reached XP level 5. HP: 34/45 MP: 4/4
  2139 | D:4      | Killed an orc warrior
  2207 | D:4      | Found a glowing golden altar of the Shining One.
  2345 | D:4      | Reached XP level 6. HP: 44/52 MP: 5/5
  2456 | D:4      | Reached skill level 6 in Long Blades
  3295 | D:5      | Entered Level 5 of the Dungeon
  3327 | D:5      | Found a shimmering altar of Xom.
  3438 | D:5      | Found a shattered altar of Ashenzari.
  3609 | D:5      | Noticed a two-headed ogre
  3610 | D:5      | Found a transporter.
  3627 | D:5      | Mangled by a two-headed ogre

Skill      XL: |  1  2  3  4  5  6 |
---------------+-------------------+-----
Long Blades    | 4 5 6 |  6.7
Fighting       | 3 4 |  4.0
Armour         | 2 3 |  3.7
Dodging        | 4 |  4.7
Throwing       | |  2.0

Action                   |  1- 3 |  4- 6 || total
-------------------------+-------+-------++-------
Melee: Long sword        |    63 |   109 ||   172
       Headbutt          |    10 |    24 ||    34
  Use: Potion            |       |     8 ||     8
       Scroll            |       |     5 ||     5
 Stab: Sleeping          |     1 |     1 ||     2
  Eat: Chunk             |       |     9 ||     9
Armor: Leather armour    |    17 |    27 ||    44
       Skin              |       |     1 ||     1
Dodge: Dodged            |    40 |    94 ||   134
       Rpst.: Long sword |    10 |    26 ||    36
